 Dungeon Crawl Stone Soup version 0.24.0-1-gfbc8707 (console) character file.

Game seed: 5751174058991176181, levelgen mode: deterministic

3524 slphil the Covert (level 10, -15/53 HPs)
             Began as a Vine Stalker Necromancer on Nov 5, 2019.
             Was a Believer of Okawaru.
             Demolished by a two-headed ogre
             ... wielding a +0 giant spiked club
              (16 damage)
             ... on level 9 of the Dungeon.
             The game lasted 00:48:34 (11835 turns).

slphil the Covert (Vine Stalker Necromancer)       Turns: 11835, Time: 00:48:35

Health: -15/53     AC:  4    Str: 12    XL:     10   Next: 8%
Magic:  0/18       EV: 15    Int: 17    God:    Okawaru [**....]
Gold:   464        SH:  0    Dex: 15    Spells: 4/19 levels left

rFire    . . .     SeeInvis .   a - +2 rapier (holy)
rCold    + . .     Gourm    .   (no shield)
rNeg     . . .     Faith    .   L - +0 leather armour
rPois    .         Spirit   +   (no helmet)
rElec    .         Reflect  .   (no cloak)
rCorr    .         Harm     .   (no gloves)
MR       +....                  j - +0 pair of boots
Stlth    +++++.....             (no amulet)
HPRegen  0.57/turn              t - ring of wizardry
MPRegen  0.16/turn              A - ring of protection from cold

@: heroism, lightly drained
A: fangs 3, regeneration 1, magic shield, antimagic bite, no potion heal 3, rot
immunity
a: Heroism, Renounce Religion


You were on level 9 of the Dungeon.
You worshipped Okawaru.
Okawaru was pleased with you.
You were not hungry.

You visited 2 branches of the dungeon, and saw 10 of its levels.

You collected 464 gold pieces.

Inventory:

Hand Weapons
 a - a +2 rapier of holy wrath (weapon)
 b - a +3 dagger
 m - a +2 short sword of venom
 r - a +0 short sword of draining
 E - a +2 hunting sling of flaming
Missiles
 l - 12 boomerangs (quivered)
 s - 31 poisoned darts
 F - 47 sling bullets
 H - a throwing net
Armour
 j - a +0 pair of boots (worn)
 q - a +0 ring mail
 L - a +0 leather armour (worn)
Jewellery
 t - a ring of wizardry (left hand)
 u - a +4 ring of strength
 x - an uncursed ring of flight
 A - a ring of protection from cold (right hand)
Wands
 w - a wand of random effects (15)
 y - a wand of flame (18)
 B - a wand of enslavement (15)
 I - a wand of polymorph (8)
Scrolls
 d - 12 scrolls of teleportation
 e - a scroll of fog {unknown}
 f - 3 scrolls of remove curse
 g - a scroll of enchant armour {unknown}
 n - a scroll of identify
 o - a scroll of blinking {unknown}
 v - 2 scrolls of magic mapping {unknown}
 C - a scroll of random uselessness {unknown}
 J - a scroll of immolation {unknown}
 K - a scroll of amnesia {unknown}
Potions
 h - 3 potions of curing
 i - 2 potions of lignification
 k - a potion of resistance
 p - 5 potions of flight
 z - 2 potions of magic
 D - a potion of haste {unknown}
 G - a potion of might {unknown}
Comestibles
 c - 14 rations
 M - 7 chunks of flesh


   Skills:
 + Level 6.4(10.9) Fighting
 + Level 7.7(12.3) Short Blades
 - Level 1.5(6.1) Dodging
 - Level 8.0(12.5) Stealth
 - Level 5.0(4.6) Spellcasting
 - Level 6.0(5.6) Necromancy


You had 4 spell levels left.
You knew the following spells:

 Your Spells              Type           Power        Failure   Level  Hunger
a - Pain                  Necr           ###.         1%          1    None
b - Animate Skeleton      Necr           N/A          1%          1    None
c - Vampiric Draining     Necr           ###.......   2%          3    ###....
d - Regeneration          Chrm/Necr      ##........   8%          3    ###....
e - Animate Dead          Necr           N/A          8%          4    ####...
f - Ozocubu's Armour      Chrm/Ice       #.......     22%         3    ###....

Your spell library contained the following spells:

 Spells                   Type           Power        Failure   Level  Hunger
 Freeze                   Ice            #...         8%          1    None
 Throw Frost              Conj/Ice       #.....       12%         2    ##.....
 Summon Ice Beast         Ice/Summ       #.......     56%         4    ####...
 Throw Icicle             Conj/Ice       #.......     56%         4    ####...


Dungeon Overview and Level Annotations

Branches:
Dungeon (9/15)             Temple (1/1) D:5            Lair (0/6) D:9
    Orc: D:9-12

Altars:
Ashenzari
Cheibriados
Dithmenos
Elyvilon
Fedhas
Gozag
Hepliaklqana
Kikubaaqudgha
Makhleb
Nemelex Xobeh
Okawaru
Qazlal
Ru
Sif Muna
Trog
Uskayaw
Vehumet
Wu Jian
Xom
Yredelemnul
Zin
The Shining One

Shops:
D:8 =

Annotations:
D:6 3 runed translucent doors, +8 chaos rElec dagger, SinkTroll22's ghost, amateur FoFi


Innate Abilities, Weirdness & Mutations

You have razor-sharp teeth.
Your natural rate of healing is unusually fast.
When hurt, damage is shared between your health and your magic reserves.
Your bite disrupts and absorbs the magic of your enemies.
Potions cannot restore your health.
You are immune to rotting.


Message History

The two-headed ogre hits you with a +0 giant spiked club.
You hit the two-headed ogre.
The two-headed ogre is moderately wounded.
You hit the two-headed ogre. You bite the two-headed ogre. You drain its power.
You feel invigorated.
The two-headed ogre is moderately wounded.
You barely miss the two-headed ogre.
You bite the two-headed ogre, but do no damage.
The two-headed ogre is moderately wounded.
The two-headed ogre hits you with a +0 giant spiked club!!
The two-headed ogre barely misses you.
Cast which spell? (? or * to list)
Aiming: Vampiric Draining (safe; 2% risk of failure)
Press: ? - help, Shift-Dir - straight line, f/p - two-headed ogre
Aim: a two-headed ogre, wielding two +0 giant spiked clubs (moderately wounded)
The two-headed ogre is heavily wounded.
You feel life coursing into your body.
The two-headed ogre hits you with a +0 giant spiked club!!
* * * LOW HITPOINT WARNING * * *
The two-headed ogre hits you with a +0 giant spiked club!
You die...

.....#..............#.....#
.....'..............'.....+
.....#..............#.....#
.....#..............#.....#
################'####.....#
O.....#.....#.......#.....#
......#.....#.......#.....#
......'.....#.......#.....#
......#.....#.......#.....#
##....#.....#...O...#.....#
#....#.....#...@...#.....#
#....#.....#.......#.....#
#....#....[#.......#.....#
#....#.....#.......#.....#
##'####.....#.......#.....# ...#
......#########.....# ...#
......#.............####### ...#
.......#.............#...... ...#
.......#........รท....'......
####........#.............#......
#.......###+###......


You could see a two-headed ogre.

Vanquished Creatures
  Grinder (D:5)
  Sigmund (D:5)
  A shadow (D:8)
  Edmund (D:4)
  A water moccasin (D:8)
  An orc warrior (D:8)
  2 centaurs
  4 ogres
  A gnoll sergeant (D:4)
  A scorpion (D:8)
  2 howler monkeys (D:5)
  3 wights (D:8)
  2 bullfrog zombies (D:5)
  4 crimson imps
  2 quasits
  3 hounds
  3 jellies
  5 orc priests
  2 centaur zombies
  A gnoll shaman (D:3)
  11 orc wizards
  An iguana (D:9)
  7 worker ants
  A hound skeleton (D:6)
  34 gnolls
  5 adders
  A howler monkey skeleton (D:8)
  A shadow imp (D:7)
  An adder skeleton (D:4)
  2 worms
  A dart slug (D:1)
  A leopard gecko (D:4)
  21 orcs
  4 bats
  7 giant cockroaches
  4 goblins
  5 hobgoblins
  24 jackals
  4 kobolds
  8 quokkas
  4 ball pythons
  9 frilled lizards
  2 leopard gecko zombies
  A quokka skeleton (D:6)
  6 rats
206 creatures vanquished.

Vanquished Creatures (collateral kills)
  A scorpion (D:4)
  2 howler monkeys
  Ijyb (D:4)
  A worker ant (D:7)
  11 gnolls (D:4)
  A giant cockroach (D:1)
  10 jackals
27 creatures vanquished.

Vanquished Creatures (others)
  2 fungi (D:6)
  2 plants (D:6)
4 creatures vanquished.

Grand Total: 237 creatures vanquished

Notes
Turn   | Place    | Note
-------+----------+-------------------------------------------
     0 | D:1      | slphil the Vine Stalker Necromancer began the quest for the
                  | Orb.
     0 | D:1      | Reached XP level 1. HP: 9/9 MP: 4/4
    44 | D:1      | Learned a level 1 spell: Animate Skeleton
   448 | D:1      | Reached XP level 2. HP: 12/13 MP: 3/6
   507 | D:1      | Found a shattered altar of Ashenzari.
   865 | D:1      | Reached skill level 3 in Stealth
  1580 | D:2      | Reached XP level 3. HP: 14/16 MP: 6/8
  2212 | D:2      | Found a burning altar of Makhleb.
  2829 | D:2      | Learned a level 3 spell: Vampiric Draining
  2903 | D:2      | Found a bloodstained altar of Trog.
  2903 | D:2      | Found an ornate altar of the Wu Jian Council.
  3294 | D:3      | Gained mutation: Your natural rate of healing is unusually
                  | fast. [Vine Stalker growth]
  3294 | D:3      | Reached XP level 4. HP: 21/21 MP: 7/9
  3449 | D:2      | Reached skill level 1 in Short Blades
  4342 | D:4      | Noticed Edmund
  4368 | D:4      | Reached XP level 5. HP: 18/24 MP: 4/10
  4452 | D:4      | Killed Edmund
  4452 | D:4      | Reached XP level 6. HP: 23/28 MP: 4/11
  4468 | D:4      | Learned a level 3 spell: Regeneration
  4478 | D:4      | Found a shimmering blue altar of Sif Muna.
  4710 | D:4      | Found a glowing silver altar of Zin.
  4835 | D:4      | Reached skill level 4 in Stealth
  5005 | D:4      | Found a shimmering altar of Xom.
  5006 | D:4      | Found a hazy altar of Hepliaklqana.
  5006 | D:4      | Noticed a thorn hunter
  5007 | D:4      | Noticed a thorn hunter
  5007 | D:4      | Noticed a spectral ugly thing
  5149 | D:4      | HP: 1/28 [gnoll/+0 halberd (8)]
  5248 | D:4      | Reached skill level 5 in Necromancy
  5256 | D:4      | Reached XP level 7. HP: 19/32 MP: 7/13
  5328 | D:3      | Learned a level 4 spell: Animate Dead
  5632 | D:4      | Noticed Ijyb
  5643 | D:4      | Reached skill level 5 in Stealth
  5666 | D:4      | Killed Ijyb
  6394 | D:4      | Reached skill level 6 in Stealth
  6533 | D:4      | Gained mutation: You have razor-sharp teeth. [Vine Stalker
                  | growth]
  6533 | D:4      | Reached XP level 8. HP: 34/36 MP: 12/15
  6658 | D:4      | Identified Sif Muna's Compendium of Black Rituals
  6823 | D:5      | Entered Level 5 of the Dungeon
  6910 | D:5      | Found a staircase to the Ecumenical Temple.
  6920 | Temple   | Entered the Ecumenical Temple
  7102 | Temple   | Became a worshipper of Warmaster Okawaru
  7268 | D:5      | Reached skill level 5 in Spellcasting
  7290 | D:5      | Reached skill level 7 in Stealth
  7473 | D:5      | Reached skill level 8 in Stealth
  7506 | D:5      | Reached skill level 1 in Fighting
  7676 | D:5      | Found an ancient bone altar of Kikubaaqudgha.
  7699 | D:5      | Noticed Grinder
  7703 | D:5      | Noticed Sigmund
  7712 | D:5      | Killed Grinder
  7712 | D:5      | Reached * piety under Okawaru
  7712 | D:5      | Reached skill level 5 in Short Blades
  7728 | D:5      | Killed Sigmund
  7728 | D:5      | Reached XP level 9. HP: 10/44 MP: 12/17
  8249 | D:6      | Found a sparkling altar of Nemelex Xobeh.
  8269 | D:6      | Found a runed translucent gate.
  8269 | D:6      | Found a runed translucent gate.
  8269 | D:6      | Found a runed translucent gate.
  8271 | D:6      | Identified the +8 dagger "Undertaker" {chaos, rElec}
  8271 | D:6      | Noticed SinkTroll22's ghost (amateur FoFi)
  9585 | D:7      | Reached ** piety under Okawaru
  9899 | D:7      | Reached skill level 5 in Fighting
 10565 | D:8      | Found a snail-covered altar of Cheibriados.
 10726 | D:8      | Found Syvacs's Jewellery Shoppe.
 10984 | D:8      | Learned a level 3 spell: Ozocubu's Armour
 11152 | D:9      | Noticed a two-headed ogre
 11284 | D:9      | Found a staircase to the Lair.
 11327 | D:8      | Reached XP level 10. HP: 20/53 MP: 12/18
 11785 | D:9      | Noticed a two-headed ogre
 11835 | D:9      | HP: 1/53 [two-headed ogre/+0 giant spiked club (22)]
 11835 | D:9      | Demolished by a two-headed ogre

Levels and vault maps discovered:
D:1:      ncdulo_watergridlock, layout_basic, nrook_loot_triangle,
          nicolae_ashenzari_panopticon
D:2:      layout_basic, gammafunk_temple_overflow_pools, bloody_makhleb
D:3:      layout_loops_ring, kennysheep_decorative_pillar
D:4:      lemuel_castle_with_subvaults [lemuel_castle_interior_original],
          layout_layer_cave, regret_index_temple_of_mockery, led_sif_book,
          zin_treasury, uniq_ijyb, uniq_edmund
D:5:      layout_loops_ring, kiku_gazebo_pond_becter,
          minmay_temple_entry_antechambers, first_ration, glass_columns_b,
          kennysheep_generic_room_7, uniq_grinder, uniq_sigmund
D:6:      layout_gridville, nemelex_xobeh_ov_fountains_minmay,
          gammafunk_ghost_nasty_kobolds, minmay_misc_feat_pillars,
          kennysheep_nondescript, minivault_11
D:7:      layout_cave_pools, grunt_decor_mini_mirrors
D:8:      layout_basic, overflow_temple_1_default, serial_shops, shop
D:9:      layout_grid_maze, lair_entry_dummy, serial_shops,
          nicolae_shop_statue_plus
Temple:   minmay_temple_bridge_abc

Skill      XL: |  1  2  3  4  5  6  7  8  9 |
---------------+----------------------------+-----
Stealth        | 3 4 6 8 |  8.0
Short Blades   | 2 4 5 7 |  7.7
Spellcasting   | 3 4 5 |  5.0
Necromancy     | 5 6 |  6.0
Fighting       | 3 6 |  6.4
Dodging        | |  1.5

Action                   |  1- 3 |  4- 6 |  7- 9 | 10-12 || total
-------------------------+-------+-------+-------+-------++-------
Melee: Unarmed           |     8 |       |       |       ||     8
       Bite              |     6 |    23 |   147 |    13 ||   189
       Club              |    24 |       |       |       ||    24
       Dagger            |    16 |    77 |   175 |       ||   268
       Whip              |     4 |       |       |       ||     4
       Rapier            |       |       |   377 |    56 ||   433
Throw: Boomerang         |       |       |       |     3 ||     3
 Cast: Pain              |    48 |    36 |    22 |       ||   106
       Animate Skeleton  |    16 |     3 |     1 |       ||    20
       Animate Dead      |       |       |    13 |       ||    13
       Vampiric Draining |       |       |     7 |     1 ||     8
       Regeneration      |       |       |     2 |       ||     2
       Ozocubu's Armour  |       |       |       |     1 ||     1
Invok: Heroism           |       |       |     1 |     1 ||     2
 Abil: Stop Flying       |       |       |     1 |       ||     1
       Evoke Flight      |       |       |     1 |       ||     1
  Use: Scroll            |       |       |    10 |       ||    10
 Stab: Sleeping          |     4 |     5 |     6 |     1 ||    16
       Distracted        |       |       |     4 |       ||     4
  Eat: Chunk             |     8 |     6 |    18 |       ||    32
       Ration            |       |       |     1 |     1 ||     2
Armor: Robe              |     7 |    15 |       |       ||    22
       Ring mail         |       |     4 |   209 |       ||   213
       Leather armour    |       |       |     2 |    13 ||    15
Dodge: Dodged            |    43 |    66 |   297 |    36 ||   442
